 Dungeon Crawl Stone Soup version 0.28-a0-769-g550dbda0cd (webtiles) character file.

Game seed: 9256073094697328012

88 mandarbmax the Stinger (level 4, -4/21 HPs)
             Began as a Spriggan Venom Mage on Oct 31, 2021.
             Slain by an adder (5 damage)
             ... on level 3 of the Dungeon.
             The game lasted 00:06:40 (3102 turns).

mandarbmax the Stinger (Spriggan Venom Mage)        Turns: 3102, Time: 00:06:41

Health: -4/21      AC:  2    Str:  4    XL:     4   Next: 30%
Magic:  0/9        EV: 14    Int: 17    God:
Gold:   143        SH:  0    Dex: 15    Spells: 2/8 levels left

rFire   . . .      SeeInvis +   (weapon restricted)
rCold   . . .      Faith    .   (shield restricted)
rNeg    . . .      Spirit   .   a - +0 robe
rPois   .          Reflect  .   (helmet restricted)
rElec   .          Harm     .   (no cloak)
rCorr   .          Rampage  .   (gloves unavailable)
Will    .....                   (boots unavailable)
Stlth   +.........              (no amulet)
HPRegen 0.07/turn               (no ring)
MPRegen 0.11/turn               (no ring)

@: weak-willed, constricted, slow
A: very small, no large weapons, unfitting armour, see invisible, speed 3
a: no special abilities


You were on level 3 of the Dungeon.
You visited 1 branch of the dungeon, and saw 3 of its levels.

You collected 143 gold pieces.

Inventory:

Armour
 a - a +0 robe (worn)
Scrolls
 b - a scroll of immolation
 c - 3 scrolls of amnesia
 d - 2 scrolls of identify
 f - a scroll of acquirement {unknown}


   Skills:
 - Level 2.6 Dodging
 - Level 3.0 Stealth
 + Level 2.7 Spellcasting
 - Level 4.0 Transmutations
 + Level 4.2 Poison Magic


You had 2 spell levels left.
You knew the following spells:

 Your Spells              Type           Power      Damage    Failure   Level
a - Sting                 Tmut/Pois      64%        1d6       3%          1
b - Poisonous Vapours     Pois/Air       18%        N/A       12%         2
c - Mephitic Cloud        Conj/Pois/Air  7%         N/A       30%         3

Your spell library contained the following spells:

 Spells                   Type           Power      Damage    Failure   Level
 Olgreb's Toxic Radiance  Pois           16%        N/A       30%         4


Dungeon Overview and Level Annotations

Branches:
Dungeon (3/15)

Altars:


Innate Abilities, Weirdness & Mutations

You are very small and have problems with some larger weapons.
You are too small for most types of armour.
You have supernaturally acute eyesight. (SInv)
You cover ground extremely quickly. (Speed+++)


Message History

You feel sick.
You enter the shallow water.
Moving in this stuff is going to be slow.
You feel sick.
Your magical contamination has completely faded away.
You feel sick.
The adder looks more healthy.
The adder bites you.
You are more poisoned.
The adder poisons you!
Casting: Sting (safe; 3% risk of failure)
Confirm with . or Enter, or press ? or * to list all spells.
Aiming: Sting (safe; 3% risk of failure)
Press: ? - help, Shift-Dir - straight line, f - adder, p - adder
Aim: an adder (57% to hit)
The sting hits the adder.
The adder is poisoned.
The adder is almost dead.
You feel sick. The adder completely misses you.
Unknown command.
You feel sick. The adder closely misses you. x2
As you read the scroll labelled SUHIYN RO XUNN, it crumbles to dust.
It is a scroll of amnesia.
Really abort (and waste the scroll)?
Okay, then.
You feel sick. The adder completely misses you. The adder barely misses you.
The adder closely misses you.
As you read the scroll labelled LARRIXKO POBE, it crumbles to dust.
It is a scroll of identify.
b - a scroll of immolation You feel sick.
You are no longer poisoned.
The ball python completely misses you. The ball python grabs you.
The ball python constricts you. The adder misses you.
The adder closely misses you.
As you read the scroll labelled OFASAT VOSI, it crumbles to dust.
Magic quickly surges around you.
It was a scroll of vulnerability.
The adder bites you.
* * * LOW HITPOINT WARNING * * *
The ball python closely misses you. The ball python constricts you.
* * * LOW HITPOINT WARNING * * *
The adder bites you.
You die...

..###### .# ...# ##.#
...##### ....
..8....########...o. #
..8###........#..... .#
..≈)..................#≈
..≈≈≈##..S...S# ..≈≈≈
..≈≈≈≈≈≈#####.####.≈≈≈≈≈
..≈≈≈≈≈≈≈≈≈≈#.##@≈≈≈≈≈≈≈
..≈≈≈≈≈≈≈≈≈≈≈≈≈SSS≈≈≈≈≈≈
..8≈≈≈≈≈≈≈≈≈≈≈≈≈≈≈≈≈≈≈≈#
..8...≈≈≈≈≈≈≈≈≈≈≈≈≈≈≈#.#
......)..≈≈≈≈≈≈≈≈#### #
.............#####
......... .........
.......


You could see 2 adders and a ball python (weak-willed).

Vanquished Creatures
  4 adders (D:2)
  A worm (D:2)
  2 dart slugs
  An orc (D:3)
  2 ball pythons
  3 endoplasms
  3 giant cockroaches
  3 hobgoblins
  4 jackals (D:1)
  A quokka (D:2)
  6 bats
  3 frilled lizards
  5 goblins
  3 kobolds (D:1)
  4 rats
45 creatures vanquished.

Notes
Turn   | Place    | Note
-------+----------+-------------------------------------------
     0 | D:1      | mandarbmax the Spriggan Venom Mage began the quest for the
                  | Orb.
     0 | D:1      | Reached XP level 1. HP: 9/9 MP: 5/5
   436 | D:1      | Reached XP level 2. HP: 9/13 MP: 1/6
  1327 | D:2      | Reached XP level 3. HP: 16/16 MP: 6/8
  1330 | D:2      | Learned a level 2 spell: Poisonous Vapours
  2190 | D:2      | Reached XP level 4. HP: 21/21 MP: 4/9
  2818 | D:2      | Learned a level 3 spell: Mephitic Cloud
  3102 | D:3      | HP: 1/21 [constriction (1)]
  3102 | D:3      | Slain by an adder

Illustrated notes

Levels and vault maps discovered:
D:1:      beargit_arrival_greenhouse, layout_loops_ring, grunt_decor_junction,
          grunt_decor_one_mirror, chequers_serial_rivers_large_b
D:2:      layout_loops_ring, dk_noncrumbling_2, minmay_misc_feat_secret_circle,
          chequers_avenue, minmay_misc_feat_hallway, wad_floor_pattern_2,
          kennysheep_path_1
D:3:      wander_river, layout_rooms, nicolae_hepliaklqana_hippocampus,
          lemuel_coloured_pillars_altar, minmay_overflow_temple_star_quad

Skill      XL: |  1  2  3  4 |
---------------+-------------+-----
Transmutations | 2 3 4 |  4.0
Poison Magic   | 4 |  4.2
Dodging        | |  2.6
Stealth        | |  3.0
Spellcasting   | |  2.7

Action                   |  1- 3 |  4- 6 || total
-------------------------+-------+-------++-------
Melee: Unarmed           |     1 |       ||     1
 Cast: Sting             |    49 |    16 ||    65
       Poisonous Vapours |    25 |    14 ||    39
  Use: Scroll            |       |     3 ||     3
Armor: Robe              |     1 |       ||     1
Dodge: Dodged            |     7 |    14 ||    21

Table legend: (Time is in decaauts)
 A = Elapsed time spent in this place.
 B = Non-inter-level travel time spent in this place.
 C = Inter-level travel time spent in this place.
 D = Time resting spent in this place.
 E = Time spent auto-exploring this place.
 F = Levels seen in this place.
 G = Mean time per level.
                   A        B        C        D        E       F      G
               +--------+--------+--------+--------+--------+-----+--------+
         Total |   2521 |   2484 |     37 |    375 |   1852 |   3 |  840.3 |
       Dungeon |   2521 |   2484 |     37 |    375 |   1852 |   3 |  840.3 |
               +--------+--------+--------+--------+--------+-----+--------+

Top non-repeatable levels by time:
     D:2: 1373 daAuts
     D:1: 1051 daAuts
     D:3: 96 daAuts
